 Dungeon Crawl Stone Soup version 0.29.1-2-gbd0b4ee654 (webtiles) character file.

Game seed: 13089072374719779522

232 Descartes the Ducker (level 5, -3/22 HPs)
             Began as a Felid Transmuter on Nov 15, 2022.
             Slain by a human (7 damage)
             ... on level 4 of the Dungeon.
             The game lasted 00:06:20 (5209 turns).

Descartes the Ducker (Felid Transmuter)             Turns: 5209, Time: 00:06:21

Health: -3/22      AC:  1    Str: 14    XL:     5   Next: 73%
Magic:  10/10      EV: 19    Int: 15    God:
Gold:   236        SH:  0    Dex: 16    Spells: 8/9 levels left
                                        Lives:  0   Deaths: 1

rFire   . . .      SeeInvis +     - Unarmed
rCold   . . .      Faith    .   (shield unavailable)
rNeg    . . .      Spirit   .   (body armour unavailable)
rPois   .          Reflect  .   (helmet unavailable)
rElec   .          Harm     .   (cloak unavailable)
rCorr   .          Rampage  .   (gloves unavailable)
Will    .....                   (boots unavailable)
Stlth   +++.......              t - amulet of the acrobat
HPRegen 0.07/turn               o - +6 ring of strength
MPRegen 0.12/turn               (no ring)

@: quick
A: very small, claws 1, fangs 3, see invisible, speed 1, shaggy fur 1, stealthy
paws, no weapons or thrown items, no armour, multi-lived
a: no special abilities


You were on level 4 of the Dungeon.
You visited 2 branches of the dungeon, and saw 5 of its levels.

You collected 236 gold pieces.

Inventory:

Jewellery
 j - a ring of fire
 l - a ring of ice
 o - a +6 ring of strength (left paw)
 t - an amulet of the acrobat (around neck)
Wands
 u - a wand of paralysis (10)
Scrolls
 d - 2 scrolls of magic mapping {unknown}
 e - 2 scrolls of teleportation {unknown}
 h - a scroll of poison {unknown}
 i - 9 scrolls of identify {unknown}
 p - a scroll of fear {unknown}
 q - a scroll of silence {unknown}
 s - a scroll of blinking {unknown}
 v - a scroll of enchant armour {unknown}
Potions
 a - a potion of lignification
 b - 3 potions of brilliance {unknown}
 c - a potion of ambrosia {unknown}
 f - 2 potions of berserk rage {unknown}
 g - 2 potions of attraction {unknown}
 k - 2 potions of mutation {unknown}
 m - 5 potions of curing {unknown}
 n - a potion of invisibility {unknown}
 r - a potion of haste {unknown}
 w - 2 potions of heal wounds


   Skills:
 - Level 1.0 Fighting
 * Level 4.9 Dodging
 * Level 4.4 Stealth
 * Level 4.4 Unarmed Combat
 + Level 2.7 Spellcasting
 + Level 1.6 Hexes
 + Level 3.1 Transmutations


You had 8 spell levels left.
You knew the following spells:

 Your Spells              Type           Power      Damage    Failure   Level
a - Beastly Appendage     Tmut           22%        N/A       6%          1

Your spell library contained the following spells:

 Spells                   Type           Power      Damage    Failure   Level
 Wereblood                Tmut           11%        N/A       9%          2
 Passwall                 Tmut/Erth      5%         N/A       17%         2
 Freeze                   Ice            8%         1d3       21%         1
 Sandblast                Erth           4%         2d4       21%         1
 Ensorcelled Hibernation  Hex/Ice        8%         N/A       22%         2
 Confusing Touch          Hex            7%         N/A       30%         3
 Spider Form              Tmut/Pois      6%         N/A       32%         3
 Frozen Ramparts          Ice            4%         1d1       52%         3
 Stone Arrow              Conj/Erth      4%         3d7       52%         3
 Swiftness                Air            2%         N/A       52%         3
 Ice Form                 Ice/Tmut       6%         N/A       73%         4
 Anguish                  Hex/Necr       2%         N/A       82%         4
 Hailstorm                Conj/Ice       2%         3d3       90%         4
 Yara's Violent Unravell  Hex/Tmut       4%         3d4       91%         5
 Enfeeble                 Hex            3%         N/A       100%        7


Dungeon Overview and Level Annotations

Branches:
Dungeon (4/15)             Temple (1/1) D:4

Altars:
Dithmenos
Fedhas
Gozag
Makhleb
Nemelex Xobeh
Qazlal
Ru
Sif Muna
Trog
Uskayaw
Wu Jian
Yredelemnul
Zin

Shops:
D:2 ?   D:3 :


Innate Abilities, Weirdness & Mutations

You have sharp claws.
You have razor-sharp teeth.
You have supernaturally acute eyesight. (SInv)
You cover ground quickly. (Speed+)
You are covered in fur. (AC +1)
Your paws help you pounce on unaware monsters.
You are incapable of wielding weapons or throwing items.
You cannot wear armour.
You gain extra lives every three experience levels.


Message History

You are too injured to fight recklessly!
You are too injured to fight recklessly!
You are too injured to fight recklessly!
You are too injured to fight recklessly!
You are too injured to fight recklessly!
You miss the hound. You bite the hound.
The hound is almost dead.
The hound bites you.
You scratch the hound.
You kill the hound!
You see here a hound corpse.
You open the door.
The human refuses to make way for you. (Use ctrl+direction or * direction to attack.)
The human refuses to make way for you. (Use ctrl+direction or * direction to attack.)
The human refuses to make way for you. (Use ctrl+direction or * direction to attack.)
The human refuses to make way for you. (Use ctrl+direction or * direction to attack.)
The human refuses to make way for you. (Use ctrl+direction or * direction to attack.)
You barely miss the human.
The human shouts!
The human closely misses you.
You closely miss the human. You bite the human.
The human is lightly wounded.
The human hits you!
You scratch the human.
The human is moderately wounded.
The human closely misses you.
You barely miss the human. Your bite misses the human.
The human is moderately wounded.
The human hits you.
You closely miss the human.
The human is moderately wounded.
The human hits you!
* * * LOW HITPOINT WARNING * * *
You claw the human!
The human is heavily wounded.
The human completely misses you.
You scratch the human.
The human is severely wounded.
The human hits you!
You die...

##............#.....#
##......##.####.#####
#.....#.##..# ###
#.....#.....########
#.....#..#....##...#
#.....#.....####._.#
#.....##.#..####...####
#.....##.......#####..#
#.....#####.#...@.....#
##'#### #.#...#p#...#
##.# #.#...#?#...#
.#)### #.#...###...#
.....######.#.........#
......................#
####.##################
#.# #.#


You could see a human.

Vanquished Creatures
  A howler monkey (D:4)
  3 hounds (D:4)
  A human skeleton (D:4)
  4 gnolls (D:4)
  7 adders
  An ufetubus (D:4)
  2 worms
  4 dart slugs
  An orc (D:3)
  A ball python (D:3)
  6 bats
  6 endoplasms
  6 giant cockroaches
  6 goblins
  6 hobgoblins
  8 jackals
  5 kobolds
  3 quokkas
  4 frilled lizards
  A jackal zombie (D:4)
  7 rats
83 creatures vanquished.

Notes
Turn   | Place    | Note
-------+----------+-------------------------------------------
     0 | D:1      | Descartes the Felid Transmuter began the quest for the Orb.
     0 | D:1      | Reached XP level 1. HP: 9/9 MP: 4/4
   319 | D:1      | Reached skill level 1 in Stealth
   323 | D:1      | Reached XP level 2. HP: 12/12 MP: 6/6
   768 | D:1      | Reached XP level 3. HP: 6/15 MP: 7/7
  1521 | D:2      | Found Yquotusch's Magic Scroll Shoppe.
  1589 | D:2      | Reached XP level 4. HP: 16/19 MP: 8/8
  2923 | D:3      | Found a large runed translucent door.
  2924 | D:3      | Found a large runed translucent door.
  3039 | D:3      | Found Nozoovar's Book Shoppe.
  3190 | D:3      | Found a faded altar of an unknown god.
  3399 | D:3      | Reached XP level 5. HP: 18/22 MP: 9/9
  3503 | D:3      | Found a sacrificial altar of Ru.
  3509 | D:3      | Found a stormy altar of Qazlal.
  3654 | D:4      | Found a shadowy altar of Dithmenos.
  3771 | D:4      | Reached skill level 1 in Hexes
  4046 | D:4      | Found a staircase to the Ecumenical Temple.
  4111 | Temple   | Entered the Ecumenical Temple
  4368 | D:4      | Slain by a gnoll
  4369 | D:4      | Reached XP level 4. HP: -2/19 MP: 8/8
  4407 | D:4      | Found a burning altar of Makhleb.
  4410 | D:4      | Found a hide-covered altar of Uskayaw.
  4410 | D:4      | Found an ornate altar of the Wu Jian Council.
  4453 | D:4      | Noticed a human
  4454 | D:4      | Found a runed translucent door.
  4465 | D:4      | Found a basalt altar of Yredelemnul.
  4479 | D:4      | Reached XP level 5. HP: 15/22 MP: 9/9
  5209 | D:4      | Slain by a human

Illustrated notes

Levels and vault maps discovered:
D:1:      nicolae_arrival_memento_mori, layout_rooms
D:2:      layout_basic, serial_shops, shop_fountains
D:3:      layout_loops_ring, jmf_multi_god_temple2, serial_shops,
          shop_fountains, hellmonk_ecumenical_altar_heavens_door
D:4:      layout_basic, mainiacjoe_overflow_cross_hatched,
          dk_yredelemnul_ordeal, grunt_temple_overflow_open,
          minmay_temple_entry_wispy, cheibrodos_gnoll_hut
Temple:   nicolae_temple_bog_church

Skill      XL: |  1  2  3  4  5 |
---------------+----------------+-----
Dodging        | 3 4 |  4.9
Stealth        | 1 2 3 4 |  4.4
Unarmed Combat | 4 |  4.4
Hexes          | 1 |  1.6
Transmutations | 3 |  3.1
Fighting       | |  1.0
Spellcasting   | |  2.7

Action                   |  1- 3 |  4- 6 || total
-------------------------+-------+-------++-------
Melee: Unarmed           |   110 |   161 ||   271
       Bite              |    12 |    22 ||    34
       Punch             |     1 |     2 ||     3
  Use: Potion            |     2 |       ||     2
 Stab: Sleeping          |     3 |    17 ||    20
Armor: Skin              |     8 |     3 ||    11
Dodge: Dodged            |   124 |   129 ||   253
